 Dungeon Crawl Stone Soup version 0.26-a0-597-gb535b0901c (webtiles) character file.

Game seed: 2067406796888652738

2 Lanoc the Caller (level 1, -3/10 HPs)
             Began as a Deep Elf Summoner on Sept 11, 2020.
             Slain by a kobold
             ... wielding a +0 whip
              (7 damage)
             ... on level 1 of the Dungeon.
             The game lasted 00:00:51 (80 turns).

Lanoc the Caller (Deep Elf Summoner)                  Turns: 80, Time: 00:00:51

Health: -3/10      AC:  2    Str:  5    XL:     1   Next: 25%
Magic:  0/6        EV: 13    Int: 19    God:
Gold:   31         SH:  0    Dex: 15    Spells: 5/6 levels left

rFire    . . .     SeeInvis .   g - +0 dagger
rCold    . . .     Faith    .   (no shield)
rNeg     . . .     Spirit   .   a - +0 robe
rPois    .         Reflect  .   (no helmet)
rElec    .         Harm     .   (no cloak)
rCorr    .                      (no gloves)
MR       .....                  (no boots)
Stlth    ++........             (no amulet)
HPRegen  0.03/turn              (no ring)
MPRegen  0.10/turn              (no ring)

@: no status effects
A: no striking features
a: no special abilities


You were on level 1 of the Dungeon.
You visited 1 branch of the dungeon, and saw 1 of its levels.

You collected 31 gold pieces.

Inventory:

Hand Weapons
 g - a +0 dagger (weapon)
Armour
 a - a +0 robe (worn)
Scrolls
 b - a scroll of remove curse {unknown}
 e - a scroll of magic mapping {unknown}
 f - a scroll of teleportation {unknown}
 h - a scroll of immolation {unknown}
Potions
 c - a potion of might {unknown}
 d - 2 potions of berserk rage {unknown}


   Skills:
 + Level 2.4 Dodging
 - Level 2.4 Stealth
 + Level 3.0 Spellcasting
 * Level 4.4 Summonings


You had 5 spell levels left.
You knew the following spells:

 Your Spells              Type           Power        Failure   Level
a - Summon Small Mammal   Summ           ###.         2%          1

Your spell library contained the following spells:

 Spells                   Type           Power        Failure   Level
 Call Imp                 Summ           ###.....     3%          2
 Call Canine Familiar     Summ           ###.....     8%          3
 Summon Guardian Golem    Hex/Summ       ##......     19%         3
 Summon Ice Beast         Ice/Summ       ##......     52%         4
 Summon Lightning Spire   Summ/Air       ##......     52%         4


Dungeon Overview and Level Annotations

Branches:
Dungeon (1/15)

Altars:


Message History

The bat hits you but does no damage. The kobold hits you with a +0 whip.
The bat closely misses you.
Casting: Summon Small Mammal (safe; 2% risk of failure)
Confirm with . or Enter, or press ? or * to list all spells.
The bat misses you. The bat closely misses you. The kobold misses you.
You barely miss the bat. The bat barely misses you.
The kobold hits you but does no damage.
You hit the bat.
The bat is severely wounded.
The bat barely misses you. The kobold closely misses you.
You hit the bat.
You kill the bat!
Your quokka closely misses the kobold.
The kobold hits you with a +0 whip.
You hit the kobold but do no damage.
Your quokka barely misses the kobold.
The kobold closely misses you.
You hit the kobold but do no damage.
Your quokka bites the kobold but does no damage.
The kobold hits you with a +0 whip!
Ouch! That really hurt!
You die...

#
.#.#.#.(.#######.####
#. #......## #.# #
#..###.##.# #.# #
#.........# #.#
#####..#### #.# #..#
#.# #..# #.# #K†#
#r@# #..# #..# #..#
#..# #... ####


You could see a kobold and a friendly quokka (summoned).

Vanquished Creatures
  A bat (D:1)
1 creature vanquished.

Vanquished Creatures (collateral kills)
  A goblin (D:1)
  A bat (D:1)
2 creatures vanquished.

Grand Total: 3 creatures vanquished

Notes
Turn   | Place    | Note
-------+----------+-------------------------------------------
     0 | D:1      | Lanoc the Deep Elf Summoner began the quest for the Orb.
     0 | D:1      | Reached XP level 1. HP: 10/10 MP: 6/6
    80 | D:1      | Slain by a kobold

Illustrated notes

Levels and vault maps discovered:
D:1:      heliophobic_arrival_ceremonial_halls, layout_loops_ring,
          serial_park_tiny_pond

Action                   || total
-------------------------++-------
Melee: Dagger            ||     7
 Cast: Summon Small Mamm ||     9
Armor: Robe              ||    12
Dodge: Dodged            ||    26

Table legend: (Time is in decaauts)
 A = Elapsed time spent in this place.
 B = Non-inter-level travel time spent in this place.
 C = Inter-level travel time spent in this place.
 D = Time resting spent in this place.
 E = Time spent auto-exploring this place.
 F = Levels seen in this place.
 G = Mean time per level.
                   A        B        C        D        E       F      G
               +--------+--------+--------+--------+--------+-----+--------+
         Total |     79 |     79 |      0 |      0 |     37 |   1 |   79.0 |
       Dungeon |     79 |     79 |      0 |      0 |     37 |   1 |   79.0 |
               +--------+--------+--------+--------+--------+-----+--------+

Top non-repeatable levels by time:
     D:1: 79 daAuts
